 Dungeon Sprint DCSS version 0.23.0 (webtiles) character file.

Game seed: 11364745567917482908

7400000 Fang the Conqueror (level 21, -3/204 HPs)
             Began as a Demonspawn Gladiator on Feb 11, 2019.
             Was the Champion of Makhleb.
             Slain by a large bag of meat
             ... wielding a +9 giant spiked club
              (106 damage)
             ... in the Dungeon (Sprint VIII: "Arena of Blood").
             The game lasted 00:01:15 (74 turns).

Fang the Conqueror (Demonspawn Gladiator)             Turns: 74, Time: 00:01:15

Health: -3/204     AC:  8    Str: 24    XL:     21   Next: 43%
Magic:  23/47      EV: 34    Int: 10    God:    Makhleb [******]
Gold:   0          SH:  0    Dex: 19    Spells: 65/65 levels left

rFire    + . .     SeeInvis .   l - +∞ Axe of Woe
rCold    . . .     Gourm    .   (shield currently unavailable)
rNeg     . . .     Faith    .   b - +0 leather armour
rPois    .         Spirit   .   c - +0 helmet
rElec    .         Reflect  .   (no cloak)
rCorr    .         Harm     .   (no gloves)
MR       +....     NoTele   +   (boots unavailable)
Stlth    ++++++++++             (no amulet)
HPRegen  0.44/turn              (no ring)
MPRegen  0.30/turn              (no ring)

@: no status effects
A: hooves 3, thin skeletal structure 2, demonic guardian 2, fire resistance 1,
nightstalker 3
a: Minor Destruction, Lesser Servant of Makhleb, Major Destruction, Greater
Servant of Makhleb, Renounce Religion


You were in the Dungeon.
You worshipped Makhleb.
Makhleb was exalted by your worship.
You were not hungry.

You visited 1 branch

Inventory:

Hand Weapons
 a - a +0 war axe
 l - the +∞ Axe of Woe (weapon)
   (You found it in the Dungeon)
Missiles
 d - 3 throwing nets (quivered)
Armour
 b - a +0 leather armour (worn)
 c - a +0 helmet (worn)
Jewellery
 m - a +30 ring of slaying
 n - a +30 ring of slaying
 o - a +30 ring of slaying
Scrolls
 k - a scroll of blinking
Potions
 e - a potion of curing
 g - a potion of heal wounds
 h - a potion of haste
 i - 2 potions of magic
 j - a potion of berserk rage
Comestibles
 f - a ration


   Skills:
 O Level 27 Fighting
 O Level 27 Axes
 O Level 27 Throwing
 + Level 22.5 Armour
 O Level 27 Dodging
 + Level 24.1 Stealth
 + Level 22.5 Unarmed Combat
 + Level 22.5 Spellcasting
 O Level 27 Invocations


You had 65 spell levels left.
You didn't know any spells.
Your spell library was empty.

Dungeon Overview and Level Annotations

Branches:
Dungeon (1/1)

Altars:
Makhleb


Innate Abilities, Weirdness & Mutations

You have hooves in place of feet.
You have a moderately thin skeletal structure. (Dex +4, Stealth+)
A demonic guardian rushes to your aid.
Your flesh is heat resistant. (rF+)
You are completely attuned to the shadows.


Message History

Makhleb accepts your kill.
Your Stealth skill increases to level 23!
You hear a shout! x2
Unknown command.
You chop the bag of meat into pieces!!!
You dissect the bag of meat like a pig carcass.
You kill the bag of meat!
Makhleb accepts your kill.
Your Armour skill increases to level 22!
Your Stealth skill increases to level 24!
Your Unarmed Combat skill increases to level 22!
Your Spellcasting skill increases to level 22!
You hear a shout! x6
A bag of meat comes into view. It is wielding a +9 war axe. x2
You hear a shout! x2
Unknown command.
The meat berserker rages.
The large bag of meat hits you with a +9 giant spiked club!!!! x2
Ouch! That really hurt!
You die...

...#.......#.....#.
##..........#_)<._#.
#....#......)#..)))#.
.......#...)..)._....
........).3o.))###...
.......)).###.....))#
.......3....#.....).#
....))......#.......#
...#@)..........)....
..#O#.#..............
oO#.#...............
.o#.# #..............
oo ....#........#


You could see a large bag of meat (inner flame), a meat berserker (berserk), 4
bags of meat and a friendly soul eater.

Vanquished Creatures
  5 ogres (D)
  24 orcs (D)
29 creatures vanquished.

Notes
Turn   | Place    | Note
-------+----------+-------------------------------------------
     0 | D        | Found the +∞ Axe of Woe
     0 | D        | Fang the Demonspawn Gladiator began the quest for the Orb.
     0 | D        | Reached XP level 1. HP: 16/16 MP: 1/1
     4 | D        | Became a worshipper of Makhleb the Destroyer
     5 | D        | Noticed a bag of meat
     5 | D        | Noticed a bag of meat
     5 | D        | Noticed a bag of meat
     5 | D        | Noticed a bag of meat
     6 | D        | Noticed a bag of meat
     6 | D        | Noticed a bag of meat
     9 | D        | Noticed a bag of meat
     9 | D        | Noticed a bag of meat
    10 | D        | Killed a bag of meat
    10 | D        | Gained mutation: You are slightly more attuned to the
                  | shadows. [demonic ancestry]
    10 | D        | Reached XP level 2. HP: 43/43 MP: 2/2
    10 | D        | Reached XP level 3. HP: 49/49 MP: 3/3
    10 | D        | Gained mutation: A weak demonic guardian rushes to your
                  | aid. [demonic ancestry]
    10 | D        | Reached XP level 4. HP: 56/56 MP: 4/4
    10 | D        | Reached XP level 5. HP: 62/62 MP: 5/5
    10 | D        | Reached XP level 6. HP: 69/69 MP: 6/6
    10 | D        | Reached XP level 7. HP: 75/75 MP: 7/7
    10 | D        | Gained mutation: A demonic guardian rushes to your aid.
                  | [demonic ancestry]
    10 | D        | Reached XP level 8. HP: 82/82 MP: 8/8
    10 | D        | Gained mutation: You are significantly more attuned to the
                  | shadows. [demonic ancestry]
    10 | D        | Reached XP level 9. HP: 88/88 MP: 9/9
    10 | D        | Reached XP level 10. HP: 95/95 MP: 10/10
    10 | D        | Gained mutation: You have a somewhat thin skeletal
                  | structure. (Dex +2, Stealth) [demonic ancestry]
    10 | D        | Reached XP level 11. HP: 101/101 MP: 11/11
    11 | D        | Killed a bag of meat
    11 | D        | Reached * piety under Makhleb
    11 | D        | Reached skill level 15 in Axes
    11 | D        | Reached skill level 15 in Throwing
    11 | D        | Reached skill level 15 in Dodging
    11 | D        | Gained mutation: You have large cloven feet. [demonic
                  | ancestry]
    11 | D        | Reached XP level 12. HP: 113/113 MP: 12/12
    12 | D        | Killed a bag of meat
    12 | D        | Reached XP level 13. HP: 114/122 MP: 13/13
    13 | D        | Killed a bag of meat
    13 | D        | Gained mutation: You have hoof-like feet. [demonic
                  | ancestry]
    13 | D        | Reached XP level 14. HP: 125/133 MP: 14/14
    14 | D        | Killed a bag of meat
    14 | D        | Reached ** piety under Makhleb
    14 | D        | Killed a bag of meat
    14 | D        | Reached XP level 15. HP: 144/144 MP: 15/15
    17 | D        | Reached *** piety under Makhleb
    19 | D        | Gained mutation: You have hooves in place of feet. [demonic
                  | ancestry]
    19 | D        | Reached XP level 16. HP: 157/157 MP: 16/16
    32 | D        | Reached **** piety under Makhleb
    32 | D        | Gained mutation: Your flesh is heat resistant. (rF+)
                  | [demonic ancestry]
    32 | D        | Reached XP level 17. HP: 169/169 MP: 17/17
    39 | D        | Noticed a meat berserker
    42 | D        | Killed a meat berserker
    42 | D        | Reached skill level 27 in Fighting
    42 | D        | Reached ***** piety under Makhleb
    42 | D        | Gained mutation: You have a moderately thin skeletal
                  | structure. (Dex +4, Stealth+) [demonic ancestry]
    42 | D        | Reached XP level 18. HP: 182/182 MP: 18/18
    48 | D        | Noticed a meat berserker
    49 | D        | Reached skill level 27 in Axes
    49 | D        | Reached skill level 27 in Throwing
    49 | D        | Reached skill level 27 in Dodging
    49 | D        | Reached skill level 5 in Armour
    49 | D        | Reached skill level 5 in Stealth
    49 | D        | Reached skill level 5 in Unarmed Combat
    49 | D        | Reached skill level 5 in Spellcasting
    52 | D        | Killed a meat berserker
    52 | D        | Reached skill level 10 in Armour
    52 | D        | Reached skill level 10 in Unarmed Combat
    52 | D        | Reached skill level 10 in Spellcasting
    59 | D        | Reached skill level 15 in Invocations
    59 | D        | Reached XP level 19. HP: 185/189 MP: 20/34
    62 | D        | Noticed a meat berserker
    63 | D        | Reached skill level 15 in Stealth
    63 | D        | Noticed a meat berserker
    63 | D        | Noticed a meat berserker
    65 | D        | Killed a meat berserker
    66 | D        | Killed a meat berserker
    66 | D        | Reached ****** piety under Makhleb
    66 | D        | Reached XP level 20. HP: 197/197 MP: 21/41
    66 | D        | Killed a meat berserker
    68 | D        | Noticed a large bag of meat
    70 | D        | Noticed a meat berserker
    71 | D        | Reached skill level 27 in Invocations
    71 | D        | Gained mutation: You are completely attuned to the shadows.
                  | [demonic ancestry]
    71 | D        | Reached XP level 21. HP: 204/204 MP: 22/46
    74 | D        | Slain by a large bag of meat

Skill      XL: |  1  2  3  4  5  6  7  8  9 10 11 12 13 14 15 16 17 18 19 20 21 |
---------------+----------------------------------------------------------------+-----
Fighting       | 14 16 18 19 21 23 25 27 | 27.0
Axes           | 13 15 17 18 19 21 23 26 27 | 27.0
Throwing       | 13 15 16 18 19 21 23 26 27 | 27.0
Dodging        | 13 15 16 18 19 21 23 26 27 | 27.0
Armour         | 11 17 21 22 | 22.5
Stealth        | 12 19 22 24 | 24.1
Unarmed Combat | 11 17 21 22 | 22.5
Spellcasting   | 11 17 21 22 | 22.5
Invocations    | 15 23 27 | 27.0

Action                   |  1- 3 |  4- 6 |  7- 9 | 10-12 | 13-15 | 16-18 | 19-21 || total
-------------------------+-------+-------+-------+-------+-------+-------+-------++-------
Melee: Executioner's axe |     1 |       |       |     2 |     5 |     9 |     8 ||    25
Dodge: Dodged            |       |       |       |       |       |     5 |     2 ||     7
